 Dungeon Crawl Stone Soup version 0.29.1-15-g9cfb28693d (webtiles) character file.

Game seed: 2813877909361232673

11 protoss039 the Digger (level 2, 20/20 HPs)
             Began as a Demonspawn Earth Elementalist on Mar 13, 2023.
             Got out of the dungeon alive.
             The game lasted 00:00:55 (768 turns).

protoss039 the Digger (DsEE)                         Turns: 768, Time: 00:00:55

Health: 20/20      AC:  7    Str:  8    XL:     2   Next: 13%
Magic:  5/5        EV: 10    Int: 16    God:
Gold:   39         SH:  0    Dex: 13    Spells: 4/5 levels left

rFire   . . .      SeeInvis .   (no weapon)
rCold   + + .      Faith    .   (no shield)
rNeg    . . .      Spirit   .   d - +2 ring mail {rC+}
rPois   .          Reflect  .   (helmet restricted)
rElec   .          Harm     .   (no cloak)
rCorr   .          Rampage  .   (no gloves)
Will    .....                   (no boots)
Stlth   +.........              (no amulet)
HPRegen 0.06/turn               f - ring of protection from cold
MPRegen 0.09/turn               (no ring)

@: no status effects
A: horns 1
a: no special abilities


You escaped.
You visited 1 branch of the dungeon, and saw 1 of its levels.

You collected 39 gold pieces.

Inventory:

Armour
 d - a +2 ring mail of cold resistance (worn)
Jewellery
 f - a ring of protection from cold (left hand)
Scrolls
 c - a scroll of poison {unknown}
 e - a scroll of magic mapping {unknown}
Potions
 a - a potion of curing {unknown}
 b - a potion of magic


   Skills:
 + Level 0.7 Fighting
 * Level 0.6 Armour
 - Level 1.7 Dodging
 - Level 1.7 Stealth
 + Level 2.1 Spellcasting
 - Level 0.8 Transmutations
 + Level 2.8 Earth Magic


You had 4 spell levels left.
You knew the following spells:

 Your Spells              Type           Power      Damage    Failure   Level
a - Sandblast             Erth           20%        2d7       21%         1

Your spell library contained the following spells:

 Spells                   Type           Power      Damage    Failure   Level
 Passwall                 Tmut/Erth      5%         N/A       41%         2
 Stone Arrow              Conj/Erth      12%        3d7       71%         3
 Petrify                  Tmut/Erth      7%         N/A       96%         4


Dungeon Overview and Level Annotations

Branches:
Dungeon (1/15) Zot: 5227

Altars:


Innate Abilities, Weirdness & Mutations

You have a pair of small horns on your head.


Message History

The bat hits you.
You barely miss the bat.
The bat is moderately wounded.
The bat hits you but does no damage.
Casting: Sandblast (safe; 21% risk of failure)
Confirm with . or Enter, or press ? or * to list all spells.
Aiming: Sandblast (safe; 21% risk of failure)
Press: ? - help, Shift-Dir - straight line, f - bat
Aim: a bat (moderately wounded, 73% to hit)
The blast of sand hits the bat.
You kill the bat!
You have reached level 2!
Your demonic ancestry asserts itself...
A pair of horns grows on your head!
Casting: Sandblast (safe; 21% risk of failure)
Confirm with . or Enter, or press ? or * to list all spells.
Aiming: Sandblast (safe; 21% risk of failure)
Press: ? - help, Shift-Dir - straight line, f - dart slug
Aim: a dart slug (100% to hit)
The blast of sand hits the dart slug!
You kill the dart slug!
Unknown command.
Found 4 stones.
You see here a +0 helmet.
g - a +0 helmet
Okay, then.
Okay, then.
You drop a +0 helmet.
Unknown command.
You see here a dart slug corpse.
You open the door.
There is an open door here.
Magic restored.
There is an open door here.
You open the door.
There is an open door here.
There is an escape hatch in the floor here.
There is a staircase leading out of the dungeon here.
Are you sure you want to leave the Dungeon?
This will make you lose the game!
You have escaped!

###### .........###........ .....
....# ................... #####
....# ................... #.
....# ########'########.. #.
...## ###.........### . #. ##.#
#..##.........#...## ####'
#.###..#......#'#...#..# #....
#...#..+.....##>##.....+ #....
#^#.#..+.....##@##.....+..##....
#.#.#..#..#...#'#......#..##....
#.#.#..##...#.........##..##....
##+#.#..####.........####..#.....
.....#..########+########..#.....
...........................#.....
...........................#....#
...........................>....#
.......##.......###########.##...


There were no monsters in sight!

Vanquished Creatures
  A dart slug (D:1)
  An endoplasm (D:1)
  A giant cockroach (D:1)
  2 hobgoblins (D:1)
  A quokka (D:1)
  A ball python (D:1)
  A bat (D:1)
8 creatures vanquished.

Notes
Turn   | Place    | Note
-------+----------+-------------------------------------------
     0 | D:1      | protoss039 the Demonspawn Earth Elementalist began the
                  | quest for the Orb.
     0 | D:1      | Reached XP level 1. HP: 13/13 MP: 3/3
   720 | D:1      | Gained mutation: You have a pair of small horns on your
                  | head. [demonic ancestry]
   720 | D:1      | Reached XP level 2. HP: 19/20 MP: 3/5
   768 | D:$      | Got out of the dungeon alive.

Illustrated notes

Levels and vault maps discovered:
D:1:      dpeg_arrival_refuge, layout_basic, minmay_pentomino_p2

Action                   || total
-------------------------++-------
Melee: Unarmed           ||    40
 Cast: Sandblast         ||    10
 Stab: Sleeping          ||     2
Armor: Ring mail         ||    21
Dodge: Dodged            ||    38
